Map: Ruins of Seras

Players

PtitDrogo

  • Race: Protoss Protoss
  • League: Master

Neeblet (Neeb) - Winner!

  • Race: Protoss Protoss
  • League: Grandmaster

Event: DreamHack ZOWIE Open Leipzig

VOD

Have the link to the VOD?

Description

Time

  • Played on: Jan. 22, 2016, 1:21 p.m.
  • Length: 7:55

All games in this series

Show
View Real Time Build Order
Export as new Build Order

PtitDrogo Protoss 

Build Orders: Oracle Opening 

Get SALT Encoding   

  12  0:01  Probe (Chrono Boost)  
  13  0:11  Probe (Chrono Boost)  
  14  0:18  Pylon  
  14  0:22  Probe (Chrono Boost)  
  15  0:36  Probe (Chrono Boost)  
  15  0:37  Gateway  
  15  0:42  Assimilator  
  16  0:47  Probe (Chrono Boost)  
  17  0:57  Probe (Chrono Boost)  
  17  0:58  Assimilator  
  18  1:08  Probe (Chrono Boost)  
  18  1:11  Gateway  
  19  1:19  Probe (Chrono Boost)  
  19  1:24  Cybernetics Core  
  20  1:30  Probe (Chrono Boost)  
  21  1:35  Pylon  
  21  1:40  Probe (Chrono Boost)  
  22  1:51  Probe (Chrono Boost)  
  25  2:02  Mothership Core (Chrono Boost)  
  25  2:04  Adept  
  25  2:07  Adept  
  29  2:12  Warp Gate  
  29  2:20  Probe (Chrono Boost), Pylon  
  30  2:30  Stargate  
  30  2:31  Probe (Chrono Boost)  
  31  2:42  Probe (Chrono Boost)  
  32  2:53  Probe (Chrono Boost)  
  33  3:03  Probe (Chrono Boost)  
  34  3:08  Nexus  
  34  3:35  Pylon  
  34  3:37  Pylon  
  34  3:45  Probe (Chrono Boost)  
  31  3:53  Oracle (Chrono Boost)  
  31  3:55  Robotics Facility  
  34  3:56  Probe  
  35  4:04  Pylon  
  35  4:08  Probe  
  36  4:18  Stalker  
  36  4:20  Probe (Chrono Boost)  
  36  4:21  Stalker  
  41  4:24  Oracle  
  41  4:25  Probe (Chrono Boost)  
  46  4:31  Probe (Chrono Boost)  
  46  4:36  Probe (Chrono Boost)  
  47  4:42  Sentry, Probe (Chrono Boost)  
  47  4:44  Observer  
  51  4:46  Probe (Chrono Boost)  
  51  4:52  Probe (Chrono Boost)  
  53  4:57  Probe (Chrono Boost)  
  54  5:03  Probe (Chrono Boost)  
  55  5:08  Probe (Chrono Boost)  
  55  5:09  Nexus  
  55  5:10  Pylon  
  55  5:13  Probe (Chrono Boost)  
  57  5:17  Assimilator  
  57  5:18  Probe (Chrono Boost), Assimilator  
  58  5:24  Probe (Chrono Boost)  
  59  5:29  Probe (Chrono Boost)  
  59  5:32  Twilight Council  
  59  5:34  Probe (Chrono Boost)  
  59  5:35  Gateway  
  61  5:39  Stalker, Probe (Chrono Boost)  
  64  5:45  Probe (Chrono Boost)  
  64  5:47  Sentry  
  64  5:48  Probe (Chrono Boost)  
  72  5:50  Immortal (Chrono Boost)  
  72  5:56  Probe  
  73  5:58  Probe  
  73  6:04  Sentry, Pylon  
  74  6:08  Probe  
  74  6:09  Probe  
  78  6:19  Probe  
  78  6:20  Void Ray (Chrono Boost)  
  78  6:21  Probe x2  
  78  6:22  Immortal (Chrono Boost)  
  89  6:29  Stalker  
  89  6:30  Stalker, Probe  
  94  6:46  Stalker  
  94  6:47  Pylon  
  94  6:50  Pylon  
  94  6:53  Pylon  
  94  6:56  Stalker, Zealot  
  94  6:59  Gateway  
  98  7:01  Gateway  
  99  7:13  Stalker, Pylon  
  101  7:23  Stalker x2  
  99  7:42  Zealot  
  85  7:49  Stalker  
Show
View Real Time Build Order
Export as new Build Order

Neeblet Protoss - Winner!

Build Orders: 1 Gate Expand 

Get SALT Encoding   

  12  0:00  Probe (Chrono Boost)  
  13  0:11  Probe (Chrono Boost)  
  14  0:18  Pylon  
  14  0:22  Probe (Chrono Boost)  
  15  0:36  Probe (Chrono Boost)  
  15  0:38  Gateway  
  16  0:47  Probe (Chrono Boost)  
  17  0:57  Probe (Chrono Boost)  
  17  0:58  Assimilator  
  18  1:08  Probe (Chrono Boost)  
  19  1:21  Nexus  
  19  1:30  Cybernetics Core  
  19  1:34  Probe (Chrono Boost)  
  19  1:39  Assimilator  
  20  1:44  Probe (Chrono Boost)  
  21  1:49  Pylon  
  21  1:55  Probe (Chrono Boost)  
  22  2:05  Probe (Chrono Boost)  
  22  2:07  Adept (Chrono Boost), Warp Gate (Chrono Boost)  
  25  2:17  Probe (Chrono Boost)  
  26  2:27  Gateway  
  27  2:31  Mothership Core (Chrono Boost)  
  27  2:34  Probe (Chrono Boost)  
  29  2:38  Pylon  
  29  2:39  Stalker  
  31  2:48  Probe  
  32  3:00  Robotics Facility  
  32  3:05  Stalker  
  34  3:18  Gateway  
  34  3:22  Stalker  
  36  3:32  Probe  
  36  3:33  Probe  
  38  3:44  Probe (Chrono Boost)  
  38  3:45  Probe (Chrono Boost)  
  41  3:53  Observer  
  41  3:55  Pylon  
  42  3:56  Probe (Chrono Boost)  
  42  3:57  Probe (Chrono Boost)  
  42  4:07  Probe x2 (Chrono Boost)  
  44  4:15  Immortal  
  47  4:17  Probe (Chrono Boost)  
  47  4:18  Probe (Chrono Boost)  
  47  4:20  Twilight Council  
  47  4:22  Assimilator  
  49  4:28  Probe (Chrono Boost)  
  49  4:29  Assimilator  
  49  4:30  Probe (Chrono Boost)  
  51  4:32  Sentry  
  53  4:39  Probe (Chrono Boost)  
  53  4:40  Probe (Chrono Boost)  
  53  4:41  Pylon  
  55  4:50  Probe (Chrono Boost)  
  55  4:51  Probe (Chrono Boost)  
  57  4:55  Blink (Chrono Boost)  
  57  4:56  Immortal  
  59  5:00  Probe (Chrono Boost)  
  59  5:05  Probe (Chrono Boost)  
  59  5:12  Probe (Chrono Boost)  
  59  5:13  Pylon  
  60  5:15  Probe (Chrono Boost)  
  61  5:22  Probe (Chrono Boost)  
  62  5:33  Gateway  
  62  5:34  Gateway  
  61  5:38  Probe  
  61  5:42  Gateway  
  61  5:45  Gateway  
  61  5:46  Warp Prism (Chrono Boost)  
  61  5:49  Sentry  
  65  5:54  Pylon  
  65  5:57  Stalker  
  65  6:00  Stalker  
  66  6:19  Stalker  
  66  6:20  Probe x2  
  70  6:32  Probe  
  67  6:44  Stalker x2  
  67  6:45  Stalker x3  
  67  6:46  Stalker x2  
  81  6:48  Pylon  
  81  6:49  Pylon  
  81  6:58  Pylon  
  81  7:08  Stalker  
  81  7:09  Stalker x4  
  91  7:29  Stalker x2  
  95  7:33  Sentry x2, Stalker  
  99  7:45  Pylon  
  99  7:51  Stalker  

Tags
 
Add a new tag
Caveats
  • Supply blocks, unpowered buildings, or Contaminate may cause inaccurate times.
  • Supply counts are checked every 10 seconds.